 Dungeon Crawl Stone Soup version 0.29.1-15-g9cfb28693d (webtiles) character file.

Game seed: 15564913578398311056

219 MisterFreud the Changer (level 5, -1/40 (42) HPs)
             Began as a Draconian Transmuter on Apr 22, 2023.
             Killed from afar by a white imp (12 damage)
             ... with a puff of frost
             ... on level 4 of the Dungeon.
             The game lasted 00:04:31 (4036 turns).

MisterFreud the Changer (Draconian Transmuter)      Turns: 4036, Time: 00:04:33

HP:   -1/40 (42)    AC:  2    Str: 12    XL:     5   Next: 63%
MP:   3/8           EV: 19    Int: 15    God:
Gold: 226           SH:  0    Dex: 17    Spells: 4/8 levels left

rFire   . . .      SeeInvis .     - Unarmed
rCold   . . .      Faith    .   (shield currently unavailable)
rNeg    . . .      Spirit   .   (body armour unavailable)
rPois   x          Reflect  .   (helmet currently unavailable)
rElec   .          Harm     .   (cloak currently unavailable)
rCorr   .          Rampage  .   (gloves currently unavailable)
Will    .....                   (boots currently unavailable)
Stlth   ++........              b - amulet of the acrobat
HPRegen 0.13/turn               (no ring)
MPRegen 0.11/turn               (no ring)

@: spider-form (expiring), lightly drained
A: venomous fangs, AC +5, tiny, unfitting armour, (cold-blooded)
a: End Transformation


You were on level 4 of the Dungeon.
You were a venomous arachnid creature.
You visited 1 branch of the dungeon, and saw 5 of its levels.

You collected 226 gold pieces.

Inventory:

Armour
 q - a +0 cloak (melded)
Jewellery
 b - an amulet of the acrobat (around neck)
 e - a ring of positive energy
 j - an amulet of magic regeneration
Wands
 o - a wand of charming (12)
Scrolls
 h - 2 scrolls of summoning
 i - a scroll of poison
 k - a scroll of fear
 n - a scroll of magic mapping
Potions
 a - 3 potions of lignification
 c - a potion of berserk rage
 d - a potion of ambrosia
 f - 2 potions of haste {unknown}
 g - a potion of might
 l - a potion of heal wounds {unknown}
 m - a potion of curing
 p - a potion of attraction {unknown}


   Skills:
 + Level 2.6 Fighting
 - Level 1.7 Dodging
 + Level 3.7 Unarmed Combat
 - Level 2.0 Spellcasting
 - Level 5.0 Transmutations


You had 4 spell levels left.
You knew the following spells:

 Your Spells              Type           Power      Damage    Failure   Level
a - Beastly Appendage     Tmut           32%        N/A       10%         1
b - Spider Form           Tmut/Pois      9%         N/A       45%         3

Your spell library contained the following spells:

 Spells                   Type           Power      Damage    Failure   Level
 Wereblood                Tmut           16%        N/A       13%         2
 Ice Form                 Ice/Tmut       9%         N/A       80%         4
 Summon Lightning Spire   Summ/Air       1%         N/A       98%         4
 Storm Form               Tmut/Air       4%         N/A       100%        7
 Maxwell's Capacitive Co  Air            0%         ∞         100%        8


Dungeon Overview and Level Annotations

Branches:
Dungeon (5/15)
 Temple: D:4-7

Altars:
Dithmenos
Kikubaaqudgha

Shops:
D:2 :   D:3 :

Annotations:
D:3 1 runed translucent door, p0werm0de's ghost, amateur MiFi


Innate Abilities, Weirdness & Mutations

You are a venomous arachnid creature.
You have poisonous fangs.
You are tiny and dextrous.
Your spellcasting is less reliable in this form.
Your armour is entirely melded.
You are incapable of wielding weapons or throwing items.
((Your plain brown scales are hard. (AC +5)))
You cannot fit into any form of body armour.
((You are cold-blooded and may be slowed by cold attacks.))


Message History

The spell is quite dangerous to miscast (24% risk of failure)!
Continue anyway?
You turn into a venomous arachnid creature.
Your +0 cloak melds into your body.
A black bear comes into view.
The white imp closely misses you.
You hit the white imp.
The white imp is lightly wounded.
You hit the white imp but do no damage.
The white imp is lightly wounded.
The white imp gestures at you. The puff of frost hits you!
You hit the white imp but do no damage.
The white imp is lightly wounded.
The necrophage closely misses you. The white imp barely misses you.
You hit the white imp.
The white imp is poisoned.
The white imp is lightly wounded.
The white imp misses you. The necrophage hits you.
You feel drained.
You hit the white imp but do no damage.
The white imp is moderately wounded.
The white imp closely misses you. The necrophage barely misses you.
The necrophage barely misses you. The white imp barely misses you.
You climb upwards.
There is a stone staircase leading down here.
You hit the white imp.
The white imp is heavily wounded.
The necrophage hits you. The white imp misses you.
Your magical contamination has completely faded away.
You hit the white imp.
The white imp is severely wounded.
Your transformation is almost over.
The necrophage hits you.
You feel drained. The white imp gestures at you. The puff of frost hits you.
You barely miss the white imp.
The white imp is almost dead.
The necrophage hits you.
* * * LOW HITPOINT WARNING * * *
The white imp gestures at you. The puff of frost hits you!
You die...

#.## ##.......##
#....# #.##.#.. ###
##.....##
##.#.###.##.#.. #
##...## #.#.....##.###
# #####)#####
#.########.### ####
#.........# #.# #....
##.## #.###.###.# #.#
#####
#.#.###.###.###.# #.#
#
.###.##.##...##.####.#
# ##
##..........5sn...# #
.###.##.........######
## #.#.#######.#####
#. ##.## #.# #[ ###
#.# #. #.# ## #.# #.#
##.######


You could see a necrophage and a white imp (very poisoned).

Vanquished Creatures
  A scorpion (D:4)
  A jelly (D:4)
  An orc priest (D:4)
  2 adders
  A worm (D:3)
  3 dart slugs
  4 orcs (D:4)
  3 bats
  4 endoplasms
  2 giant cockroaches
  8 goblins
  6 hobgoblins
  6 jackals
  5 quokkas
  7 ball pythons
  2 frilled lizards (D:1)
  4 kobolds
  2 rats
62 creatures vanquished.

Vanquished Creatures (others)
  A plant (D:2)
1 creature vanquished.

Grand Total: 63 creatures vanquished

Notes
Turn   | Place    | Note
-------+----------+-------------------------------------------
     0 | D:1      | MisterFreud the Draconian Transmuter began the quest for
                  | the Orb.
     0 | D:1      | Reached XP level 1. HP: 16/16 MP: 3/3
   321 | D:1      | Reached XP level 2. HP: 20/23 MP: 5/5
   426 | D:1      | Reached skill level 3 in Transmutations
   880 | D:1      | Found a faded altar of an unknown god.
  1033 | D:2      | Reached XP level 3. HP: 26/28 MP: 4/6
  1084 | D:2      | Found Ymajatt's Vocational Training.
  1587 | D:2      | Reached skill level 4 in Transmutations
  1666 | D:2      | Found a shadowy altar of Dithmenos.
  2012 | D:3      | Learned a level 3 spell: Spider Form
  2207 | D:3      | Found a runed translucent door.
  2207 | D:3      | Noticed p0werm0de's ghost (amateur MiFi)
  2232 | D:3      | Found Caraik's Book Emporium.
  2274 | D:3      | Reached XP level 4. HP: 32/35 MP: 7/7
  3160 | D:4      | Found an ancient bone altar of Kikubaaqudgha.
  3254 | D:4      | Reached skill level 5 in Transmutations
  3524 | D:4      | Reached XP level 5. HP: 18/41 MP: 2/8
  4024 | D:5      | Entered Level 5 of the Dungeon
  4026 | D:5      | Noticed a black bear
  4036 | D:4      | Killed from afar by a white imp

Illustrated notes

Levels and vault maps discovered:
D:1:      tarquinn_simple_flora_water_a, layout_basic,
          dreamdust_ecumenical_altar_sealed_demon, minivault_23,
          chequers_serial_rivers_micro_d
D:2:      cheibrodos_old_hovel, layout_loops_cross, basic_altar,
          nicolae_shop_vocational
D:3:      layout_basic, ebering_ghost_inner_flame, serial_shops, shop_fountains,
          serial_bayou_pond_c, minmay_box_of_dots
D:4:      layout_loops_corners, nicolae_kikubaaqudgha_miasma_corner
D:5:      layout_rooms, chequers_temple_overflow_minitemple, st_stairs_8

Skill      XL: |  1  2  3  4  5 |
---------------+----------------+-----
Transmutations | 3 4 5 |  5.0
Fighting       | 2 |  2.6
Dodging        | |  1.7
Unarmed Combat | |  3.7
Spellcasting   | |  2.0

Action                   |  1- 3 |  4- 6 || total
-------------------------+-------+-------++-------
Melee: Unarmed           |   164 |    58 ||   222
       Tailslap          |    12 |     5 ||    17
       Punch             |     2 |     2 ||     4
       Kick              |    17 |     1 ||    18
       Headbutt          |     6 |     5 ||    11
 Cast: Beastly Appendage |    14 |     5 ||    19
       Spider Form       |     1 |     5 ||     6
 Abil: End Transformatio |       |     1 ||     1
  Use: Scroll            |     7 |     1 ||     8
       Potion            |       |     2 ||     2
 Stab: Distracted        |       |     1 ||     1
Armor: Skin              |    54 |     3 ||    57
Dodge: Dodged            |   113 |    39 ||   152
